SKY
ATLANTA BRAVES @ PITTSBURGH PIRATES
05/19/2052
 
TOP OF THE 1ST
Atlanta Braves batting - Pitching for Pittsburgh Pirates : RHP Mitchell Joseph
Pitching: RHP Mitchell Joseph
Batting: RHB Sylvester Miles 0-0: Ball
1-0: Swinging Strike
1-1: Foul Ball, location: 5F
1-2: Ball
2-2: Strikes out swinging
Batting: RHB C.J. Chayrez 0-0: Fly out, F7 (Flyball, 7D, EV 107.5 MPH)
Batting: RHB Josias Jaynes 0-0: Ball
1-0: Foul Ball, location: 3SF
1-1: Foul Ball, location: 9LMF
1-2: Ball
2-2: Foul Ball, location: 5SF
2-2: Ball
3-2: Fly out, F7 (Flyball, 7, EV 81.3 MPH)
Top of the 1st over - 0 runs, 0 hits, 0 errors, 0 left on base; Atlanta 0 - Pittsburgh 0
BOTTOM OF THE 1ST
Pittsburgh Pirates batting - Pitching for Atlanta Braves : LHP Austin Defenbaugh
Pitching: LHP Austin Defenbaugh
Batting: RHB David Dudley 0-0: Ball
1-0: Called Strike
1-1: Ground out 5-3 (Groundball, 56S, EV 78.1 MPH)
Batting: RHB Andy Kiser 0-0: Called Strike
0-1: Foul Ball, location: 2F
0-2: Strikes out swinging
Batting: RHB Caleb Phillips 0-0: Ball
1-0: Ball
2-0: Called Strike
2-1: Swinging Strike
2-2: Ball
3-2: Foul Ball, location: 2F
3-2: Foul Ball, location: 7LMF
3-2: Foul Ball, location: 2F
3-2: Foul Ball, location: 2F
3-2: Strikes out swinging
Bottom of the 1st over - 0 runs, 0 hits, 0 errors, 0 left on base; Atlanta 0 - Pittsburgh 0
TOP OF THE 2ND
Atlanta Braves batting - Pitching for Pittsburgh Pirates : RHP Mitchell Joseph
Batting: LHB Adrian Cooke 0-0: Ball
1-0: Foul Ball, location: 3F
1-1: Swinging Strike
1-2: Ball
2-2: Foul Ball, location: 2F
2-2: Ball
3-2: Foul Ball, location: 3DF
3-2: Base on Balls
Batting: SHB Scott Hill 0-0: Ball
1-0: Called Strike
1-1: Ball
2-1: SINGLE (Groundball, 6M, EV 79.4 MPH) (infield hit)
Adrian Cooke to second
Batting: RHB Jagger Macon 0-0: Called Strike
0-1: Ball
1-1: Swinging Strike
1-2: Ball
2-2: Foul Ball, location: 2RF
2-2: Strikes out swinging
Batting: RHB Phooka May 0-0: SINGLE (Line Drive, 89M, EV 107.5 MPH)
Adrian Cooke to third
Scott Hill to second
Batting: RHB Peter Guice 0-0: Called Strike
0-1: Ball
1-1: Ball
2-1: Ball
3-1: Fly out, F8 (Flyball, 8RD, EV 97.5 MPH)
Runner from 3rd tags up, OUT at HOME! 8-2
Top of the 2nd over - 0 runs, 2 hits, 0 errors, 2 left on base; Atlanta 0 - Pittsburgh 0
BOTTOM OF THE 2ND
Pittsburgh Pirates batting - Pitching for Atlanta Braves : LHP Austin Defenbaugh
Batting: LHB Jim Lunsford 0-0: SINGLE (Line Drive, 8LS, EV 93.1 MPH)
Batting: RHB Chet Ross 0-0: Ball
1-0: Called Strike
1-1: SINGLE (Groundball, 34D, EV 102.5 MPH)
Jim Lunsford to second
Runner from 2nd tries for 3rd, SAFE, no throw by RF
Batting: LHB P.J. Rey 0-0: Ball
1-0: Swinging Strike
1-1: Foul Ball, location: 9LSFF
1-2: Ball
2-2: DOUBLE (Line Drive, 78XD, EV 106.9 MPH)
Jim Lunsford scores
Chet Ross to third
Runner from 3rd tries for Home, SAFE, throw by LF to home
Batting: LHB Eric Gehman 0-0: Called Strike
0-1: Ball
1-1: Ball
2-1: Foul Ball, location: 5FF
2-2: Fly out, F8 (Flyball, 78D, EV 95.6 MPH)
Batting: RHB Uriel Roberts 0-0: Called Strike
0-1: Called Strike
0-2: SINGLE (Line Drive, 78S, EV 102.5 MPH)
P.J. Rey to third
Runner from 3rd tries for Home, SAFE, throw by CF to home
Batting: RHB Gael Rumley 0-0: Called Strike
0-1: Ball
1-1: Called Strike
1-2: Strikes out swinging
Batting: RHB David Dudley 0-0: Ground out 6-3 (Groundball, 6M, EV 100.0 MPH)
Bottom of the 2nd over - 3 runs, 4 hits, 0 errors, 1 left on base; Atlanta 0 - Pittsburgh 3
TOP OF THE 3RD
Atlanta Braves batting - Pitching for Pittsburgh Pirates : RHP Mitchell Joseph
Batting: RHB Aiden Newman 0-0: Ball
1-0: Foul Ball, location: 5F
1-1: Ball
2-1: Foul Ball, location: 5SF
2-2: Fly out, F9 (Flyball, 9, EV 72.5 MPH)
Batting: RHB Sylvester Miles 0-0: Called Strike
0-1: Ball
1-1: Swinging Strike
1-2: Ball
2-2: Strikes out swinging, 2-3 out at first.
Batting: RHB C.J. Chayrez 0-0: Ball
1-0: Ball
2-0: Ball
3-0: Called Strike
3-1: Fly out, F8 (Flyball, 8LD, EV 100.0 MPH)
Top of the 3rd over - 0 runs, 0 hits, 0 errors, 0 left on base; Atlanta 0 - Pittsburgh 3
BOTTOM OF THE 3RD
Pittsburgh Pirates batting - Pitching for Atlanta Braves : LHP Austin Defenbaugh
Batting: RHB Andy Kiser 0-0: Called Strike
0-1: Foul Ball, location: 2F
0-2: Foul Ball, location: 2F
0-2: Ball
1-2: Fly out, F7 (Line Drive, 7LM, EV 107.5 MPH)
Batting: RHB Caleb Phillips 0-0: Swinging Strike
0-1: Called Strike
0-2: Foul Ball, location: 25F
0-2: Strikes out swinging
Batting: LHB Jim Lunsford 0-0: Foul Ball, location: 2F
0-1: Swinging Strike
0-2: Ball
1-2: Foul Ball, location: 3F
1-2: Fly out, F7 (Flyball, 7S, EV 89.4 MPH)
Bottom of the 3rd over - 0 runs, 0 hits, 0 errors, 0 left on base; Atlanta 0 - Pittsburgh 3
TOP OF THE 4TH
Atlanta Braves batting - Pitching for Pittsburgh Pirates : RHP Mitchell Joseph
Batting: RHB Josias Jaynes 0-0: Ball
1-0: Ball
2-0: Called Strike
2-1: Called Strike
2-2: Foul Ball, location: 9LMF
2-2: Foul Ball, location: 3DF
2-2: Ground out 5-3 (Groundball, 56, EV 88.1 MPH)
Batting: LHB Adrian Cooke 0-0: Called Strike
0-1: Called Strike
0-2: Ball
1-2: Ball
2-2: Ball
3-2: Base on Balls
Batting: SHB Scott Hill 0-0: Ball
1-0: SINGLE (Line Drive, 6D, EV 108.1 MPH)
Adrian Cooke to second
Batting: RHB Jagger Macon 0-0: Called Strike
0-1: Foul Ball, location: 2F
0-2: Foul Ball, location: 3FF
0-2: Ball
1-2: Ball
2-2: Ball
3-2: Foul Ball, location: 2F
3-2: Fielders Choice at 2nd, 1-6 (Groundball, 13S, EV 71.3 MPH)
Adrian Cooke to third
Batting: RHB Phooka May 0-0: Ball
1-0: Ball
2-0: Ball
3-0: Called Strike
3-1: Foul Ball, location: 2F
3-2: Fly out, F8 (Flyball, 78M, EV 90.0 MPH)
Top of the 4th over - 0 runs, 1 hit, 0 errors, 2 left on base; Atlanta 0 - Pittsburgh 3
BOTTOM OF THE 4TH
Pittsburgh Pirates batting - Pitching for Atlanta Braves : LHP Austin Defenbaugh
Batting: RHB Chet Ross 0-0: Called Strike
0-1: Ball
1-1: Ball
2-1: Swinging Strike
2-2: Ball
3-2: Foul Ball, location: 9LMF
3-2: Strikes out looking
Batting: LHB P.J. Rey 0-0: Fly out, F7 (Flyball, 7, EV 90.6 MPH)
Batting: LHB Eric Gehman 0-0: Called Strike
0-1: Foul Ball, location: 7LMF
0-2: Strikes out swinging
Bottom of the 4th over - 0 runs, 0 hits, 0 errors, 0 left on base; Atlanta 0 - Pittsburgh 3
TOP OF THE 5TH
Atlanta Braves batting - Pitching for Pittsburgh Pirates : RHP Mitchell Joseph
Batting: RHB Peter Guice 0-0: Ball
1-0: Ground out 3-1 (Groundball, 3D, EV 101.3 MPH)
Batting: RHB Aiden Newman 0-0: Swinging Strike
0-1: Ball
1-1: Called Strike
1-2: Foul Ball, location: 3SF
1-2: Foul Ball, location: 9LSF
1-2: Ball
2-2: SINGLE (Line Drive, 89S, EV 98.1 MPH)
Batting: RHB Sylvester Miles 0-0: Ball
1-0: Called Strike
1-1: Swinging Strike
1-2: Ball
2-2: SINGLE (Groundball, 15S, EV 71.3 MPH) (infield hit)
Aiden Newman to second
Pitching: RHP Ralph Vincent
Batting: RHB C.J. Chayrez 0-0: Ball
1-0: Fielders Choice at 2nd, 1-6 (Groundball, 34S, EV 70.0 MPH)
Aiden Newman to third
Batting: RHB Josias Jaynes 0-0: Called Strike
0-1: Swinging Strike
0-2: Foul Ball, location: 9LMF
0-2: Strikes out swinging
Top of the 5th over - 0 runs, 2 hits, 0 errors, 2 left on base; Atlanta 0 - Pittsburgh 3
BOTTOM OF THE 5TH
Pittsburgh Pirates batting - Pitching for Atlanta Braves : LHP Austin Defenbaugh
Batting: RHB Uriel Roberts 0-0: Called Strike
0-1: Ball
1-1: Ball
2-1: Foul Ball, location: 9LMF
2-2: Ball
3-2: SINGLE (Flyball, 34D, EV 86.9 MPH)
Batting: RHB Gael Rumley 0-0: Ball
1-0: Ball
2-0: Ball
3-0: Called Strike
3-1: Called Strike
3-2: Fly out, F7 (Flyball, 7D, EV 110.6 MPH)
Batting: RHB David Dudley 0-0: Foul Ball, location: 2F
0-1: Ball
1-1: Swinging Strike
1-2: Grounds into double play, 4-6-3 (Groundball, 4M, EV 91.9 MPH)
Bottom of the 5th over - 0 runs, 1 hit, 0 errors, 0 left on base; Atlanta 0 - Pittsburgh 3
TOP OF THE 6TH
Atlanta Braves batting - Pitching for Pittsburgh Pirates : RHP Ralph Vincent
Batting: LHB Adrian Cooke 0-0: Called Strike
0-1: Ground out 4-3 (Groundball, 4, EV 100.0 MPH)
Batting: SHB Scott Hill 0-0: SINGLE (Line Drive, 9S, EV 102.5 MPH)
Batting: RHB Jagger Macon 0-0: Ball
1-0: Called Strike
1-1: Ball
Wild Pitch!
Scott Hill to second
2-1: Ball
3-1: Foul Ball, location: 2F
3-2: Base on Balls
Batting: RHB Phooka May 0-0: Foul Ball, location: 2F
0-1: Ball
1-1: Ball
2-1: Foul Ball, location: 2F
2-2: Fielders Choice at 2nd, 4-6 (Groundball, 4, EV 108.8 MPH)
Scott Hill to third
Batting: RHB Peter Guice 0-0: Ball
1-0: Ball
2-0: Swinging Strike
2-1: Called Strike
2-2: Foul Ball, location: 5FF
2-2: Fielders Choice at 2nd, 5-4 (Groundball, 56, EV 94.4 MPH)
Top of the 6th over - 0 runs, 1 hit, 0 errors, 2 left on base; Atlanta 0 - Pittsburgh 3
BOTTOM OF THE 6TH
Pittsburgh Pirates batting - Pitching for Atlanta Braves : LHP Austin Defenbaugh
Batting: RHB Andy Kiser 0-0: DOUBLE (Groundball, 5L, EV 96.9 MPH)
Batting: RHB Caleb Phillips 0-0: Foul Ball, location: 25F
0-1: Foul Ball, location: 25F
0-2: Strikes out looking
Batting: LHB Jim Lunsford 0-0: Ball
1-0: Ball
2-0: Ball
3-0: DOUBLE (Line Drive, 9LD, EV 107.5 MPH)
Andy Kiser scores
Batting: RHB Chet Ross 0-0: Ball
1-0: Ball
2-0: Called Strike
2-1: Ball
3-1: Base on Balls
Batting: LHB P.J. Rey 0-0: Foul Ball, location: 3F
0-1: SINGLE (Groundball, 4MD, EV 96.3 MPH)
Jim Lunsford to third
Chet Ross to second
Runner from 3rd tries for Home, SAFE, throw by CF to home
Pitching: LHP Caiden Tiffin
Batting: LHB Eric Gehman 0-0: Swinging Strike
0-1: Ball
1-1: Ball
2-1: Swinging Strike
Balk!
Chet Ross to third
P.J. Rey to second
2-2: Ball
3-2: Foul Ball, location: 2F
3-2: Fly out, F8 (Flyball, 8LM, EV 89.4 MPH)
Batting: RHB Uriel Roberts 0-0: Called Strike
0-1: Ball
1-1: Foul Ball, location: 2F
1-2: Foul Ball, location: 3DF
1-2: Strikes out swinging
Bottom of the 6th over - 2 runs, 3 hits, 0 errors, 2 left on base; Atlanta 0 - Pittsburgh 5
TOP OF THE 7TH
Atlanta Braves batting - Pitching for Pittsburgh Pirates : RHP Ralph Vincent
Batting: RHB Aiden Newman 0-0: Ball
1-0: Ball
2-0: Fly out, F9 (Flyball, 89M, EV 80.0 MPH)
Batting: RHB Sylvester Miles 0-0: Ball
1-0: Foul Ball, location: 2F
1-1: Fly out, F3 (Popup, 3SF, EV 76.9 MPH)
Batting: RHB C.J. Chayrez 0-0: Foul Ball, location: 5F
0-1: Swinging Strike
0-2: Ball
1-2: Strikes out swinging
Top of the 7th over - 0 runs, 0 hits, 0 errors, 0 left on base; Atlanta 0 - Pittsburgh 5
BOTTOM OF THE 7TH
Pittsburgh Pirates batting - Pitching for Atlanta Braves : LHP Caiden Tiffin
Batting: RHB Gael Rumley 0-0: Ball
1-0: Called Strike
1-1: Swinging Strike
1-2: SINGLE (Line Drive, 6D, EV 106.3 MPH)
Batting: RHB David Dudley 0-0: Ball
1-0: Called Strike
1-1: Foul Ball, location: 2F
1-2: Foul Ball, location: 3SF
1-2: Strikes out looking
Batting: RHB Andy Kiser 0-0: Called Strike
0-1: Called Strike
0-2: DOUBLE (Line Drive, 9LM, EV 106.3 MPH)
Gael Rumley to third
Batting: RHB Caleb Phillips 0-0: SINGLE (Flyball, 56D, EV 89.4 MPH)
Gael Rumley scores
Andy Kiser to third
Batting: LHB Jim Lunsford 0-0: Ball
1-0: Called Strike
1-1: Ball
2-1: Ball
3-1: Base on Balls
Caleb Phillips to second
Batting: RHB Chet Ross 0-0: Ball
1-0: Foul Ball, location: 3FF
1-1: Foul Ball, location: 2F
1-2: Foul Ball, location: 2F
1-2: Foul Ball, location: 2LF
1-2: Foul Ball, location: 7LMFF
1-2: Ball
2-2: Ball
3-2: Foul Ball, location: 2F
3-2: Reached on error, E6 (Groundball, 6, EV 83.8 MPH)
Andy Kiser scores
Caleb Phillips to third
Jim Lunsford to second
Pitching: RHP Nate Southard
Batting: LHB P.J. Rey 0-0: Called Strike
0-1: Swinging Strike
0-2: Strikes out swinging
Batting: LHB Eric Gehman 0-0: Called Strike
0-1: Foul Ball, location: 2F
0-2: Ball
1-2: Ball
2-2: Ball
3-2: Fly out, F4 (Popup, 4, EV 60.6 MPH)
Bottom of the 7th over - 2 runs, 3 hits, 1 error, 3 left on base; Atlanta 0 - Pittsburgh 7
TOP OF THE 8TH
Atlanta Braves batting - Pitching for Pittsburgh Pirates : RHP Ralph Vincent
Pinch Hitting: RHB Will Howard 0-0: Called Strike
0-1: Ball
1-1: Swinging Strike
1-2: Ground out 5-3 (Groundball, 56, EV 113.1 MPH)
Batting: LHB Adrian Cooke 0-0: Foul Ball, location: 3F
0-1: Called Strike
0-2: Strikes out swinging
Pinch Hitting: RHB Jase Lucas 0-0: Foul Ball, location: 5FF
0-1: Ball
1-1: Ball
2-1: Ball
3-1: Foul Ball, location: 5F
3-2: Fly out, F9 (Flyball, 89S, EV 82.5 MPH)
Top of the 8th over - 0 runs, 0 hits, 0 errors, 0 left on base; Atlanta 0 - Pittsburgh 7
BOTTOM OF THE 8TH
Pittsburgh Pirates batting - Pitching for Atlanta Braves : RHP Nate Southard
Now at 1B: Wyatt Ritter
Now in LF: Jase Lucas
Batting: RHB Uriel Roberts 0-0: Called Strike
0-1: Ball
1-1: Ball
2-1: Ball
3-1: Ground out 1-3 (Groundball, 34S, EV 71.3 MPH)
Batting: RHB Gael Rumley 0-0: Called Strike
0-1: Foul Ball, location: 5F
0-2: Fly out, F9 (Flyball, 9LMF, EV 77.5 MPH)
Batting: RHB David Dudley 0-0: Ball
1-0: Swinging Strike
1-1: Swinging Strike
1-2: Strikes out swinging
Bottom of the 8th over - 0 runs, 0 hits, 0 errors, 0 left on base; Atlanta 0 - Pittsburgh 7
TOP OF THE 9TH
Atlanta Braves batting - Pitching for Pittsburgh Pirates : RHP Ralph Vincent
Batting: RHB Jagger Macon 0-0: Ball
1-0: Ground out 6-3 (Groundball, 56, EV 103.1 MPH)
Batting: RHB Phooka May 0-0: Foul Ball, location: 9LMF
0-1: Called Strike
0-2: Ground out U3 (Groundball, 34, EV 84.4 MPH)
Batting: RHB Peter Guice 0-0: Swinging Strike
0-1: Called Strike
0-2: Foul Ball, location: 9LMF
0-2: Foul Ball, location: 3F
0-2: Strikes out swinging
Top of the 9th over - 0 runs, 0 hits, 0 errors, 0 left on base; Atlanta 0 - Pittsburgh 7
Sunday, April 21st , 2024 - OOTP Baseball 24.11 Build 85